AoeStats
← [AdelB] TupacPalo

Arena

506633828Analyzed
1v1 RM · 19d ago on Sep 14, 2026· 55m 15s· 2 players
Game mode
Random Map
Map size
Tiny (2 player)
Population
200
Speed
Normal
Resources
Standard
Victory
Conquest
Starting age
Dark Age
Ending age
Imperial Age
RankedLock teamsTeams togetherTeam positionsShared explorationLock speedFull tech treeHidden civsTurbo modeCheats
Victory
Defeat
🇺🇸 Malay · United States
1433
+14
🇦🇷 Burgundians · Argentina
1390
-14
[AdelB] TupacPalo
4:52 Double-Bit Axe
5:04 Loom
5:27 Double-Bit Axe
7:26 Horse Collar
10:57 Feudal Age
15:23 Castle Age
14:18 Bow Saw
14:31 Heavy Plow
15:32 Light Cavalry
17:27 Forging
18:18 Husbandry
21:04 Wheelbarrow
22:48 Hand Cart
25:00 Fervor
25:17 Gold Mining
27:25 Gold Shaft Mining
27:26 Sanctity
30:16 Imperial Age
28:55 Scale Barding Armor
28:57 Stone Mining
29:45 Ballistics
30:03 Iron Casting
30:15 Chain Barding Armor
30:19 Hussar
32:29 Blast Furnace
33:16 Chemistry
33:49 Plate Barding Armor
34:03 Squires
34:04 Scale Mail Armor
34:41 Block Printing
35:47 Conscription
36:04 Chain Mail Armor
36:03 Elite Coustillier
37:47 Fletching
39:06 Bodkin Arrow
39:51 Plate Mail Armor
40:37 Masonry
40:55 Bracer
41:41 Padded Archer Armor
43:48 Leather Archer Armor
45:03 Illumination
44:05 Elite Skirmisher
45:27 Burgundian Vineyards
47:14 Pikeman
48:58 Halberdier
JoRogue
11:31 Feudal Age
15:11 Castle Age
13:15 Horse Collar
13:58 Double-Bit Axe
24:35 Wheelbarrow
26:02 Fletching
26:05 Gold Mining
28:21 Hand Cart
29:06 Bodkin Arrow
28:32 Crossbowman
32:13 Imperial Age
30:06 Heavy Plow
30:49 Gold Shaft Mining
30:31 Padded Archer Armor
30:07 Crossbowman
31:34 Leather Archer Armor
31:46 Ballistics
31:43 Bracer
31:42 Stone Mining
32:09 Loom
32:09 Town Watch
32:07 Arbalester
33:23 Ring Archer Armor
34:29 Chemistry
33:13 Pikeman
34:07 Thumb Ring
34:26 Conscription
34:14 Squires
34:21 Scale Barding Armor
34:26 Forging
34:58 Crop Rotation
35:13 Husbandry
34:48 Halberdier
36:27 Stone Shaft Mining
38:05 Masonry
37:34 Light Cavalry
39:57 Forced Levy
42:03 Iron Casting
41:15 Elite Battle Elephant
45:29 Blast Furnace
44:26 Man-at-Arms
49:35 Guilds
48:47 Long Swordsman
49:58 Two-Handed Swordsman
53:49 Capped Ram
Connection lost

Rejoining the realm…

Still unreachable

The connection could not be restored.

Session expired

The server has moved on; the page needs a fresh start.